 Dungeon Crawl Stone Soup version 0.23.2-33-g5129a83184 (webtiles) character file.

Game seed: 9930386562678654008

39 MalarOregon the Grave Robber (level 3, -1/26 HPs)
             Began as a Ghoul Necromancer on July 12, 2019.
             Killed from afar by a dart slug (2 damage)
             ... with a slug dart
             ... on level 2 of the Dungeon.
             The game lasted 00:02:29 (1575 turns).

MalarOregon the Grave Robber (Ghoul Necromancer)    Turns: 1575, Time: 00:02:29

Health: -1/26      AC:  3    Str: 11    XL:     3   Next: 45%
Magic:  0/5        EV: 12    Int: 11    God:
Gold:   63         SH:  0    Dex:  9    Spells: 6/7 levels left

rFire    . . .     SeeInvis .   f - +0 dagger
rCold    + . .     Gourm    .   (no shield)
rNeg     + + +     Faith    .   a - +0 robe
rPois    ∞         Spirit   .   b - +0 helmet
rElec    .         Reflect  .   (no cloak)
rCorr    .         Harm     .   (no gloves)
MR       .....                  (no boots)
Stlth    ++........             (no amulet)
HPRegen  0.00/turn              (no ring)
MPRegen  0.09/turn              (no ring)

@: rotting
A: rotting body, claws 1, carnivore, cold resistance 1, negative energy
resistance 3, inhibited regeneration, torment resistance, unbreathing
a: no special abilities


You were on level 2 of the Dungeon.
You were not hungry.

You visited 1 branch of the dungeon, and saw 2 of its levels.

You collected 63 gold pieces.

Inventory:

Hand Weapons
 f - a +0 dagger (weapon)
   (You took it off a goblin on level 1 of the Dungeon)
Armour
 a - a +0 robe (worn)
 b - a +0 helmet (worn)
   (You found it on level 1 of the Dungeon)
Scrolls
 d - a scroll of enchant weapon {unknown}
 g - 2 scrolls of identify {unknown}
 i - a scroll of amnesia {unknown}
Potions
 c - a potion of heal wounds {unknown}
Comestibles
 e - 3 rations {!d}


   Skills:
 - Level 1.7 Dodging
 - Level 2.1 Stealth
 + Level 2.5 Spellcasting
 + Level 4.6 Necromancy


You had 6 spell levels left.
You knew the following spells:

 Your Spells              Type           Power        Failure   Level  Hunger
a - Pain                  Necr           ##..         4%          1    ##.....

Your spell library contained the following spells:

 Spells                   Type           Power        Failure   Level  Hunger
 Animate Skeleton         Necr           N/A          4%          1    ##.....
 Vampiric Draining        Necr           ##........   12%         3    ####...
 Regeneration             Chrm/Necr      #.........   32%         3    ####...
 Animate Dead             Necr           N/A          38%         4    #####..


Dungeon Overview and Level Annotations

Branches:
Dungeon (2/15)

Altars:


Innate Abilities, Weirdness & Mutations

Your body is rotting away.
You thrive on raw meat.
You are immune to poison.
You have sharp fingernails.
You are carnivorous and can eat meat at any time.
Your flesh is cold resistant. (rC+)
You are immune to negative energy. (rN+++)
You do not regenerate when monsters are visible.
You are immune to unholy pain and torment.
You can survive without breathing.


Message History

The goblin closely misses you.
You closely miss the goblin. The goblin closely misses you.
You closely miss the goblin. The goblin barely misses you.
The dart slug launches a dart at you.
The slug dart hits you but does no damage.
You closely miss the goblin. The goblin closely misses you.
You hit the goblin. The goblin hits you.
* * * LOW HITPOINT WARNING * * *
You closely miss the goblin. The goblin barely misses you.
You hit the goblin.
You kill the goblin!
A goblin comes into view.
The dart slug launches a dart at you. The slug dart misses you.
You hit the dart slug. You hit the dart slug but do no damage.
The dart slug barely misses you.
You hit the dart slug. The dart slug bites you.
* * * LOW HITPOINT WARNING * * *
You completely miss the dart slug. You hit the dart slug.
The dart slug launches a dart at you. The slug dart hits you.
* * * LOW HITPOINT WARNING * * *
You hit the dart slug. The dart slug bites you.
* * * LOW HITPOINT WARNING * * *
Eat a chunk of flesh? (ye/n/q)
You eat the chunk of flesh.
This raw flesh tastes great!
The goblin hits you.
* * * LOW HITPOINT WARNING * * *
The dart slug barely misses you.
You hit the dart slug but do no damage. The goblin hits you.
* * * LOW HITPOINT WARNING * * *
Aim: a goblin (chance to defeat MR: 80%)
The goblin writhes in agony.
The dart slug launches a dart at you. The slug dart misses you.
The goblin misses you.
Unknown command.
You hit the dart slug but do no damage. The goblin closely misses you.
The dart slug closely misses you.
Welcome back, MalarOregon the Ghoul Necromancer.
You hit the dart slug but do no damage. The goblin hits you.
* * * LOW HITPOINT WARNING * * *
Aim: a goblin (heavily wounded, chance to defeat MR: 80%)
The goblin writhes in agony.
You kill the goblin!
The dart slug bites you.
* * * LOW HITPOINT WARNING * * *
You hit the dart slug but do no damage. The dart slug launches a dart at you.
The slug dart hits you.
You die...

!. ##....### ...
#.##...<...#
....####.##(#..##.#
....#.........## #
.............##
.............#
.............#
......†......#
......†@.."..#
......†w.....#
............#...
.<...............
..#.............. #
#..............
#.............
#.............


You could see a dart slug.

Vanquished Creatures
  3 dart slugs (D:1)
  2 leopard geckos (D:1)
  3 giant cockroaches (D:1)
  5 goblins
  4 hobgoblins (D:1)
  A quokka (D:2)
  2 bats
  A frilled lizard (D:1)
  4 kobolds
  5 rats (D:1)
30 creatures vanquished.

Notes
Turn   | Place    | Note
-------+----------+-------------------------------------------
     0 | D:1      | MalarOregon the Ghoul Necromancer began the quest for the
                  | Orb.
     0 | D:1      | Reached XP level 1. HP: 14/14 MP: 2/2
   279 | D:1      | Reached XP level 2. HP: 9/20 MP: 4/4
  1241 | D:1      | Reached XP level 3. HP: 10/26 MP: 2/5
  1574 | D:2      | HP: 1/26 [dart slug (1)]
  1575 | D:2      | Killed from afar by a dart slug

Skill      XL: |  1 |
---------------+----+-----
Spellcasting   | 2 |  2.5
Dodging        | |  1.7
Stealth        | |  2.1
Necromancy     | |  4.6

Action                   || total
-------------------------++-------
Melee: Unarmed           ||    30
       Dagger            ||   105
 Cast: Pain              ||    13
 Stab: Sleeping          ||     5
  Eat: Chunk             ||     5
Armor: Robe              ||    24
Dodge: Dodged            ||    84
